 Dungeon Crawl Stone Soup version 0.29-a0-542-g075992c915 (webtiles) character file.

Game seed: 16892815000421163319

28 jifgo the Skirmisher (level 3, -4/24 HPs)
             Began as a Gargoyle Fighter on June 5, 2022.
             Slain by Terence
             ... wielding a +2 mace of protection
              (6 damage)
             ... on level 2 of the Dungeon.
             The game lasted 00:02:20 (1391 turns).

jifgo the Skirmisher (Gargoyle Fighter)             Turns: 1391, Time: 00:02:20

Health: -4/24      AC: 14    Str: 21    XL:     3   Next: 12%
Magic:  3/3        EV:  5    Int:  8    God:
Gold:   76         SH:  4    Dex:  9    Spells: 2/2 levels left

rFire   . . .      SeeInvis .   k - +1 mace (vorpal)
rCold   . . .      Faith    .   c - +0 buckler
rNeg    + . .      Spirit   .   p - +0 plate armour
rPois   ∞          Reflect  .   (no helmet)
rElec   +          Harm     .   (no cloak)
rCorr   .          Rampage  .   (no gloves)
Will    .....                   (no boots)
Stlth   ..........              (no amulet)
HPRegen 0.08/turn               (no ring)
MPRegen 0.08/turn               (no ring)

@: no status effects
A: sickness immunity, AC +3, negative energy resistance 1, electricity
resistance, torment resistance 1, petrification resistance
a: no special abilities


You were on level 2 of the Dungeon.
You visited 1 branch of the dungeon, and saw 2 of its levels.

You collected 76 gold pieces.

Inventory:

Hand Weapons
 a - a +0 flail
 k - a +1 vorpal mace (weapon)
Armour
 c - a +0 buckler (worn)
 p - a +0 plate armour (worn)
Jewellery
 h - a ring of fire
Scrolls
 g - a scroll of teleportation {unknown}
 m - 4 scrolls of identify {unknown}
 o - a scroll of fear {unknown}
Potions
 d - a potion of might
 e - a potion of degeneration {unknown}
 f - a potion of cancellation {unknown}
 i - a potion of brilliance {unknown}
 j - 2 potions of curing {unknown}
 l - a potion of haste {unknown}
 n - a potion of berserk rage {unknown}


   Skills:
 + Level 3.6 Fighting
 + Level 2.4 Maces & Flails
 + Level 3.6 Armour
 + Level 3.6 Shields


You had 2 spell levels left.
You didn't know any spells.
Your spell library contained the following spells:

 Spells                   Type           Power      Damage    Failure   Level
 Shock                    Conj/Air       0%         1d3       100%        1
 Swiftness                Air            0%         N/A       100%        3
 Airstrike                Air            0%         N/A       100%        4


Dungeon Overview and Level Annotations

Branches:
Dungeon (2/15)

Altars:
Qazlal

Annotations:
D:2 Terence


Innate Abilities, Weirdness & Mutations

You are immune to sickness and miasma.
Your stone body is resilient. (AC +3)
You are immune to poison.
You resist negative energy. (rN+)
You are resistant to electric shocks. (rElec)
You are resistant to unholy torment.
You are immune to petrification.


Message History

You drop a +0 scale mail.
Found 9 stones.
Terence the Incautious comes into view.
He is wielding a +2 mace of protection.
Terence shouts!
Terence is nearby!
Terence is nearby!
Terence is nearby!
You see here 9 stones.
Found a chain mail.
Found a stormy altar of Qazlal.
Terence barely misses you.
You closely miss Terence. Terence hits you but does no damage.
Terence screams, "I want your blood!" Terence hits you but does no damage.
You hit Terence but do no damage. Terence barely misses you.
You barely miss Terence. Terence hits you but does no damage.
You hit Terence but do no damage.
Terence hits you with a +2 mace of protection!
You barely miss Terence. Terence hits you but does no damage.
Terence barely misses you.
You barely miss Terence. You block Terence's attack.
You barely miss Terence.
Terence hits you with a +2 mace of protection.
You barely miss Terence. Terence hits you but does no damage.
You barely miss Terence. Terence hits you but does no damage.
Terence hits you with a +2 mace of protection.
* * * LOW HITPOINT WARNING * * *
You barely miss Terence. Terence hits you but does no damage.
You hit Terence.
Terence is lightly wounded.
Terence hits you but does no damage.
Unknown command.
You closely miss Terence.
Terence is lightly wounded.
Terence hits you with a +2 mace of protection!
* * * LOW HITPOINT WARNING * * *
Terence hits you with a +2 mace of protection.
* * * LOW HITPOINT WARNING * * *
You see here 9 stones.
Terence attacks as you move away!
Terence hits you with a +2 mace of protection.
You die...

#.......# _.[....
#.......# .......
#.......# .......
#.....[.# .......
#.......### .......
#.[........ .......
#.......###
..##...########.......##.
.......@@................
###.##.###########.#####.
... #.# ##. ###. #.####..
#. .###.##.... #.
........##. #.
###...####. #. #........
#..######


You could see Terence.

Vanquished Creatures
  A dart slug (D:1)
  5 ball pythons
  3 bats (D:1)
  An endoplasm (D:1)
  A giant cockroach (D:1)
  4 goblins
  2 hobgoblins (D:1)
  3 jackals (D:2)
  2 rats (D:1)
22 creatures vanquished.

Notes
Turn   | Place    | Note
-------+----------+-------------------------------------------
     0 | D:1      | jifgo the Gargoyle Fighter began the quest for the Orb.
     0 | D:1      | Reached XP level 1. HP: 14/14 MP: 1/1
   250 | D:1      | Reached XP level 2. HP: 19/19 MP: 2/2
   278 | D:1      | Found a faded altar of an unknown god.
  1267 | D:2      | Reached XP level 3. HP: 24/24 MP: 3/3
  1374 | D:2      | Noticed Terence
  1377 | D:2      | Found a stormy altar of Qazlal.
  1391 | D:2      | Slain by Terence

Illustrated notes

Levels and vault maps discovered:
D:1:      dpeg_arrival_rooms_c, layout_basic,
          hellmonk_ecumenical_altar_crossroads
D:2:      layout_rooms, serial_shops, nicolae_shop_stone, basic_altar,
          uniq_terence

Action                   || total
-------------------------++-------
Melee: Flail             ||    29
       Mace              ||    42
Armor: Scale mail        ||    38
       Plate armour      ||     8
Dodge: Dodged            ||    31
Block: Buckler           ||    17

Table legend: (Time is in decaauts)
 A = Elapsed time spent in this place.
 B = Non-inter-level travel time spent in this place.
 C = Inter-level travel time spent in this place.
 D = Time resting spent in this place.
 E = Time spent auto-exploring this place.
 F = Levels seen in this place.
 G = Mean time per level.
                   A        B        C        D        E       F      G
               +--------+--------+--------+--------+--------+-----+--------+
         Total |   1414 |   1351 |     63 |    152 |    922 |   2 |  707.0 |
       Dungeon |   1414 |   1351 |     63 |    152 |    922 |   2 |  707.0 |
               +--------+--------+--------+--------+--------+-----+--------+

Top non-repeatable levels by time:
     D:1: 1234 daAuts
     D:2: 179 daAuts
